 Dungeon Crawl Stone Soup version 0.31-a0-1066-g35875b34c7 (webtiles) character file.

Game seed: 1722912731065326809

20357 MacCMillion the Nimble (level 12, -2/68 HPs)
             Began as a Deep Elf Earth Elementalist on Nov 22, 2023.
             Was an Elder of Vehumet.
             Collided with a rock wall (7 damage)
             ... caused by a wind drake
             ... on level 1 of the Lair of Beasts.
             The game lasted 01:08:12 (22008 turns).

MacCMillion the Nimble (DEEE)                      Turns: 22008, Time: 01:08:13

Health: -2/68      AC:  8    Str:  5    XL:     12   Next: 44%
Magic:  21/26      EV: 23    Int: 26    God:    Vehumet [****..]
Gold:   271        SH:  0    Dex: 15    Spells: 7/28 levels left

rFire   . . .        H - +1 short sword (speed)
rCold   . . .        (no shield)
rNeg    . . .        a - +0 robe
rPois   .            o - +0 helmet
rElec   .            p - +0 cloak
rCorr   .            s - +0 pair of gloves
SInv    .            I - +2 pair of boots
Will    ++...        (no amulet)
Stlth   +++          f - ring of willpower
HPRegen 0.31/turn    y - +5 ring of evasion
MPRegen 0.20/turn

%: no passive effects
@: swift, very quick
A: no striking features
a: Renounce Religion


You were on level 1 of the Lair of Beasts.
You worshipped Vehumet.
Vehumet was greatly pleased with you.
You visited 2 branches of the dungeon, and saw 13 of its levels.
You also visited: Ossuary.

You collected 943 gold pieces.
You spent 672 gold pieces at shops.

Inventory:

Hand Weapons
 e - a +0 dagger
 H - a +1 short sword of speed (weapon)
Armour
 a - a +0 robe (worn)
 o - a +0 helmet (worn)
 p - a +0 cloak (worn)
 s - a +0 pair of gloves (worn)
 I - a +2 pair of boots (worn)
 P - +0 steam dragon scales
Jewellery
 f - a ring of willpower (left hand)
 y - a +5 ring of evasion (right hand)
 N - a ring of magical power
Wands
 d - a wand of light (5)
 q - a wand of flame (13)
 G - a wand of charming (3)
 M - a wand of polymorph (4)
 O - a wand of digging (7)
Scrolls
 c - 8 scrolls of teleportation
 g - 7 scrolls of amnesia
 h - 2 scrolls of revelation {unknown}
 j - 2 scrolls of brand weapon
 m - 3 scrolls of vulnerability {unknown}
 r - 3 scrolls of noise {unknown}
 u - a scroll of torment
 w - 2 scrolls of enchant weapon
 x - 2 scrolls of fear {unknown}
 B - 2 scrolls of poison {unknown}
 C - 2 scrolls of silence {unknown}
 E - 2 scrolls of enchant armour {unknown}
 J - a scroll of butterflies
 K - a scroll of immolation {unknown}
 L - a scroll of blinking {unknown}
Potions
 b - a potion of magic
 i - 2 potions of enlightenment
 k - 3 potions of resistance
 l - 5 potions of curing
 n - a potion of lignification
 t - 4 potions of ambrosia
 v - 4 potions of might
 z - 2 potions of berserk rage
 A - 2 potions of degeneration
 D - 2 potions of attraction
 F - 3 potions of haste
 Q - a potion of brilliance {unknown}


   Skills:
 - Level 5.0 Fighting
 + Level 11.1 Dodging
 - Level 6.0 Stealth
 + Level 8.9 Spellcasting
 + Level 10.9 Conjurations
 - Level 4.2 Hexes
 - Level 1.1 Transmutations
 + Level 8.4 Ice Magic
 + Level 8.1 Air Magic
 - Level 6.5 Earth Magic


You had 7 spell levels left.
You knew the following spells:

 Your Spells              Type           Power      Damage    Failure   Level
a - Sandblast             Erth           90%        2d19      1%          1
b - Stone Arrow           Conj/Erth      100%       3d13      1%          3
c - Swiftness             Air            52%        N/A       1%          3
d - Freezing Cloud        Conj/Ice/Air   28%        6-21      1%          5
e - Iskenderun's Battles  Conj           62%        2d11      1%          5
f - Shock                 Conj/Air       100%       1d9       1%          1
g - Sigil of Binding      Hex            33%        N/A       2%          3

Your spell library contained the following spells:

 Spells                   Type           Power      Damage    Failure   Level
 Fulminant Prism          Conj/Hex       25%        3d14      1%          4
 Freeze                   Ice            100%       1d10      1%          1
 Slow                     Hex            100%       N/A       1%          1
 Passwall                 Tmut/Erth      25%        N/A       1%          2
 Poisonous Vapours        Pois/Air       64%        N/A       1%          2
 Frozen Ramparts          Ice            100%       1d16      1%          3
 Hailstorm                Conj/Ice       58%        3d13      1%          3
 Mephitic Cloud           Conj/Pois/Air  44%        N/A       1%          3
 Airstrike                Air            26%        2d(4-20)  1%          4
 Brom's Barrelling Bould  Conj/Erth      54%        2d7       1%          4
 Cigotuvi's Dreadful Rot  Necr/Pois/Air  50%        N/A       2%          2
 Confusing Touch          Hex            33%        N/A       2%          3
 Ignite Poison            Fire/Tmut/Pois 13%        N/A       3%          3
 Irradiate                Conj/Tmut      21%        3d18      3%          5
 Wereblood                Tmut           17%        N/A       4%          2
 Apportation              Tloc           22%        N/A       5%          1
 Necrotise                Necr           44%        1d6       5%          1
 Summon Small Mammal      Summ           44%        N/A       5%          1
 Petrify                  Tmut/Erth      31%        N/A       11%         4
 Vampiric Draining        Necr           11%        2d6       16%         3
 Summon Mana Viper        Hex/Summ       22%        N/A       52%         5
 Alistair's Intoxication  Tmut/Pois      9%         N/A       75%         5


Dungeon Overview and Level Annotations

Branches:
Dungeon (11/15)            Temple (0/1) D:5            Lair (2/5) D:10
 Shoals (0/4) Lair:2      Ossuary (visited)
  Snake: Lair:2-3    Spider: Lair:2-3       Orc: D:9-12

Altars:
Makhleb
Nemelex Xobeh
Okawaru
Ru
Vehumet

Shops:
D:10 !   D:11 :

Annotations:
D:4 3 runed translucent doors, kskgo's ghost, weakling DjFE
D:7 exclusion: two-headed ogre


Message History

The wind drake flaps its wings at you. The air twists around and strikes you!
There is a stone staircase leading up here.
The wind drake completely misses you.
The blink frog blinks!
The blink frog misses you. x2; The blink frog blinks!
The wind drake flaps its wings at you. The air twists around and strikes you!
You climb upwards.
There is a stone staircase leading down here.
The blink frog attacks as it pursues you!
The blink frog misses you. The wind drake flaps its wings at you.
The air twists around and strikes you! The blink frog completely misses you.
Casting: Shock (safe; 1% risk of failure)
Confirm with . or Enter, or press ? or * to list all spells.
Okay, then.
Casting: Shock (safe; 1% risk of failure)
Confirm with . or Enter, or press ? or * to list all spells.
You inscribe a pair of binding sigils.
The blink frog closely misses you.
The wind drake exhales a fierce blast of wind!
You are knocked back by the gust of wind.
You slam into the rock wall!
The wind drake bites you.
* * * LOW HITPOINT WARNING * * *
The blink frog moves over your binding sigil and is bound in place!
The blink frog blinks!
The wind drake flaps its wings at you. The air twists around and strikes you!
* * * LOW HITPOINT WARNING * * *
The blink frog blinks!
The blink frog moves over your binding sigil and is bound in place!
The blink frog blinks!
The blink frog misses you.
Casting: Sigil of Binding (dangerous; 2% risk of failure)
Confirm with . or Enter, or press ? or * to list all spells.
You feel quick. The blink frog closely misses you.
The wind drake exhales a fierce blast of wind!
You are knocked back by the gust of wind.
You slam into the rock wall!
You die...

.## ##.....#..#.)##§≈§.##..#
..###
#.#...##.##..######..##
..#.##
#.....##..##....°.†.##~
.....#
##......#...##......##..
#.#.##
##..#.....#...########...
..###
#...#....###..~..~~..≈..#
..# #####.###..##
#.≈..~.^~..~.#
#.####.....##....#
##...~..≈...##
...##....#####..@##
##.~....~.## ..........##
#....## ##########
.......#.#.###kF...####
...........##......##P######
.#.........>..§............#
##..#.######..###F...#######
##..### #...# ###..# #P...#
#..## ##..# ###.## ####
#...#


You could see a wind drake (repels missiles, catching breath) and 2 blink frogs.

Vanquished Creatures
  3 two-headed ogres
  A skyshark (Lair:2)
  A manticore (Lair:2)
  An elephant (Lair:1)
  A black mamba (Lair:1)
  8 cane toads
  Joseph (D:9)
  3 kobold demonologists (D:11)
  A rime drake (D:10)
  2 trolls (D:10)
  A hornet (D:9)
  3 blink frogs (Lair:1)
  4 basilisks (Lair:1)
  33 yaks
  2 steam dragons
  6 water moccasins
  2 acid dragons
  8 ice beasts
  5 orc warriors
  An ogre (D:8)
  A centaur (D:10)
  2 wolves
  2 phantoms
  3 elf zombies (Ossuary)
  6 kobold brigands
  9 bullfrogs
  A gnoll sergeant (D:11)
  3 scorpions
  7 wights
  5 killer bees
  2 howler monkeys
  5 electric eels (D:7)
  2 hounds
  A jelly (D:4)
  10 orc priests
  2 gnoll boudas
  2 scorpion zombies (D:6)
  2 sleepcaps (D:6)
  14 orc wizards
  6 iguanas
  A hound zombie (Ossuary)
  4 mummies (Ossuary)
  10 gnolls
  4 howler monkey skeletons (D:6)
  5 adders
  A shadow imp (D:8)
  A white imp (D:6)
  2 ufetubi (D:5)
  An adder zombie (Ossuary)
  A worm (D:3)
  7 dart slugs
  74 orcs
  10 endoplasms
  4 giant cockroaches
  11 goblins
  11 hobgoblins
  6 quokkas
  8 ball pythons
  8 bats
  A frilled lizard (D:1)
  3 goblin zombies (Ossuary)
  25 kobolds
  2 kobold zombies (Ossuary)
  An orc zombie (Ossuary)
  3 rats
  A rat zombie (Ossuary)
377 creatures vanquished.

Vanquished Creatures (others)
  A rime drake (Lair:2)
1 creature vanquished.

Grand Total: 378 creatures vanquished

Notes
Turn   | Place    | Note
-------+----------+-------------------------------------------
     0 | D:1      | MacCMillion the Deep Elf Earth Elementalist began the quest
                  | for the Orb.
     0 | D:1      | Reached XP level 1. HP: 10/10 MP: 6/6
   298 | D:1      | Reached XP level 2. HP: 15/15 MP: 6/8
   814 | D:1      | Reached XP level 3. HP: 19/19 MP: 6/9
  2022 | D:3      | Reached XP level 4. HP: 24/24 MP: 8/10
  2184 | D:3      | Learned a level 3 spell: Stone Arrow
  2201 | D:3      | Reached skill level 5 in Earth Magic
  2525 | D:3      | Reached skill level 1 in Conjurations
  2867 | D:3      | Found an iron altar of Okawaru.
  2929 | D:3      | Noticed an ice beast
  2954 | D:3      | Found a radiant altar of Vehumet.
  2962 | D:3      | Became a worshipper of Vehumet
  3445 | D:4      | Reached XP level 5. HP: 28/28 MP: 8/12
  3616 | D:4      | Found a runed translucent gate.
  3616 | D:4      | Found a runed translucent gate.
  3617 | D:4      | Found a runed translucent gate.
  3619 | D:4      | Noticed kskgo's ghost (weakling DjFE)
  3636 | D:4      | Found a sparkling altar of Nemelex Xobeh.
  4411 | D:4      | Reached XP level 6. HP: 32/32 MP: 6/15
  4619 | D:4      | Found a sparkling altar of Nemelex Xobeh.
  5471 | D:5      | Entered Level 5 of the Dungeon
  5568 | D:5      | Reached skill level 5 in Spellcasting
  5845 | D:5      | Found a staircase to the Ecumenical Temple.
  5966 | D:5      | Reached XP level 7. HP: 36/36 MP: 10/18
  6720 | D:6      | Reached skill level 5 in Conjurations
  6886 | D:6      | Reached * piety under Vehumet
  6886 | D:6      | Offered knowledge of Freeze by Vehumet.
  6934 | D:6      | Reached XP level 8. HP: 41/41 MP: 13/20
  6974 | D:6      | Found a sand-covered staircase.
  6999 | Ossuary  | Entered an ossuary
  7088 | Ossuary  | Reached skill level 3 in Dodging
  7169 | Ossuary  | Reached skill level 4 in Dodging
  7943 | D:6      | Offered knowledge of Magic Dart by Vehumet.
  7948 | D:6      | Learned a level 3 spell: Swiftness
  7954 | D:6      | Learned a level 5 spell: Freezing Cloud
  8564 | D:7      | Reached skill level 5 in Dodging
  8669 | D:7      | Reached ** piety under Vehumet
  8724 | D:7      | Reached skill level 1 in Fighting
  9073 | D:7      | Found a burning altar of Makhleb.
  9173 | D:7      | Noticed a two-headed ogre
  9516 | D:7      | Reached XP level 9. HP: 48/48 MP: 17/21
  9549 | D:7      | Reached skill level 6 in Dodging
 10816 | D:8      | Offered knowledge of Hailstorm by Vehumet.
 11577 | D:8      | Reached *** piety under Vehumet
 11660 | D:8      | Reached skill level 7 in Dodging
 11854 | D:8      | Offered knowledge of Frozen Ramparts by Vehumet.
 11961 | D:8      | Reached skill level 1 in Ice Magic
 11961 | D:8      | Reached skill level 1 in Air Magic
 12312 | D:8      | Reached **** piety under Vehumet
 12313 | D:8      | Reached XP level 10. HP: 56/56 MP: 8/22
 12521 | D:8      | Reached skill level 8 in Dodging
 12611 | D:8      | Reached skill level 10 in Conjurations
 13413 | D:9      | Noticed a two-headed ogre
 13458 | D:9      | Noticed a two-headed ogre
 13559 | D:9      | Offered knowledge of Ignite Poison by Vehumet.
 13589 | D:9      | Killed a two-headed ogre
 13835 | D:9      | Noticed a two-headed ogre
 13839 | D:9      | Killed a two-headed ogre
 13840 | D:9      | Reached skill level 5 in Fighting
 13840 | D:9      | Reached skill level 9 in Dodging
 14208 | D:9      | You fall into a shaft and drop 2 floors!
 14347 | D:11     | Found Diall's Book Boutique.
 14358 | D:11     | Bought Improving Your Hermeneutics for 672 gold pieces
 14364 | D:11     | Learned a level 5 spell: Iskenderun's Battlesphere
 14568 | D:11     | Reached skill level 5 in Ice Magic
 14637 | D:11     | Found a gate leading to a gauntlet.
 14706 | D:10     | Entered Level 10 of the Dungeon
 14706 | D:10     | Noticed a two-headed ogre
 14706 | D:10     | Found Olef's Distillery.
 14725 | D:10     | Reached skill level 5 in Air Magic
 14732 | D:10     | Reached skill level 5 in Stealth
 14732 | D:10     | Reached XP level 11. HP: 61/63 MP: 5/23
 14737 | D:10     | Killed a two-headed ogre
 15181 | D:9      | Noticed Joseph
 15557 | D:10     | Learned a level 1 spell: Shock
 15584 | D:10     | Reached skill level 10 in Dodging
 15725 | D:10     | Found a staircase to the Lair.
 15824 | D:10     | Found a sacrificial altar of Ru.
 16862 | D:9      | Killed Joseph
 17088 | D:11     | Identified the +10 long sword of Xom {drain, rCorr Dex+5}
 17471 | D:11     | Reached ***** piety under Vehumet
 17480 | D:11     | Offered knowledge of Fulminant Prism by Vehumet.
 17825 | D:11     | Learned a level 3 spell: Sigil of Binding
 17839 | D:11     | Reached skill level 1 in Hexes
 18293 | Lair:1   | Entered Level 1 of the Lair of Beasts
 19345 | Lair:1   | Reached XP level 12. HP: 49/68 MP: 3/25
 21094 | Lair:2   | Noticed a catoblepas
 21514 | Lair:2   | Found a staircase to the Shoals.
 21530 | Lair:2   | Reached skill level 11 in Dodging
 21677 | Lair:2   | Noticed a death yak
 21677 | Lair:2   | Noticed a death yak
 22008 | Lair:1   | Collided with a rock wall

Illustrated notes

Levels and vault maps discovered:
D:1:      dpeg_arrival_rooms_b, layout_basic
D:2:      layout_loops_ring, kennysheep_decorative_pillar
D:3:      layout_basic, chequers_temple_overflow_statue_of_worship,
          minmay_misc_feat_pillars
D:4:      layout_basic, kennysheep_mini_moat, gammafunk_ghost_nasty_kobolds
D:5:      layout_loops_cross, minmay_temple_entry_large_hall,
          minmay_misc_feat_cross
D:6:      layout_cave_pods, mainiacjoe_ossuary_entry_find_the_door, hex_medium
D:7:      kennysheep_slugbush, layout_layer_cave, david_defended_altar_orc
D:8:      layout_basic, special_room [special_room_orc], dk_noncrumbling_2
D:9:      layout_basic, uniq_joseph
D:10:     layout_cave_pools, nicolae_ru_path_of_blood, hellmonk_lair_entry_icy,
          serial_shops, nicolae_stop_n_shop_1
D:11:     layout_gridville, gauntlet_entry_generic, serial_shops, shop
Lair:1:   layout_misc_corridors, nzn_random_ring
Lair:2:   layout_hall_layers, minmay_shoals_entry_beasts, lemuel_fruit_fields

Skill      XL: |  1  2  3  4  5  6  7  8  9 10 11 12 |
---------------+-------------------------------------+-----
Stealth        | 3 4 5 6 |  6.0
Earth Magic    | 4 5 6 |  6.5
Conjurations   | 1 2 4 6 8 9 10 | 10.9
Spellcasting   | 4 6 7 8 |  8.9
Dodging        | 5 7 9 10 11 | 11.1
Fighting       | 2 4 5 |  5.0
Ice Magic      | 2 5 7 8 |  8.4
Air Magic      | 1 5 7 8 |  8.1
Hexes          | 4 |  4.2
Transmutations | |  1.1

Action                     |  1- 3 |  4- 6 |  7- 9 | 10-12 || total
---------------------------+-------+-------+-------+-------++-------
  Melee: Dagger            |       |       |     1 |       ||     1
   Cast: Sandblast         |    63 |    56 |   147 |    49 ||   315
         Stone Arrow       |       |    21 |   107 |    32 ||   160
         Freezing Cloud    |       |       |       |    52 ||    52
         Iskenderun's Batt |       |       |       |    60 ||    60
         Shock             |       |       |       |   144 ||   144
         Sigil of Binding  |       |       |       |     6 ||     6
         Swiftness         |       |       |       |     4 ||     4
  Evoke: Wand              |       |       |     6 |       ||     6
    Use: Scroll            |       |     2 |     9 |     6 ||    17
 Armour: Robe              |     5 |     4 |    48 |    69 ||   126
  Dodge: Dodged            |     8 |     8 |    65 |   107 ||   188

Table legend: (Time is in decaauts)
 A = Elapsed time spent in this place.
 B = Non-inter-level travel time spent in this place.
 C = Inter-level travel time spent in this place.
 D = Time resting spent in this place.
 E = Time spent auto-exploring this place.
 F = Levels seen in this place.
 G = Mean time per level.
                   A        B        C        D        E       F      G
               +--------+--------+--------+--------+--------+-----+--------+
         Total |  22168 |  21043 |   1125 |   6787 |   9790 |  14 | 1583.4 |
       Dungeon |  18188 |  17216 |    972 |   5369 |   8208 |  11 | 1653.5 |
          Lair |   3560 |   3407 |    153 |   1305 |   1474 |   2 | 1780.0 |
       Ossuary |    420 |    420 |      0 |    113 |    108 |   1 |  420.0 |
               +--------+--------+--------+--------+--------+-----+--------+

Top non-repeatable levels by time:
  Lair:1: 3185 daAuts
     D:8: 2672 daAuts
     D:7: 2632 daAuts
     D:4: 2439 daAuts
    D:11: 1880 daAuts
     D:9: 1683 daAuts
     D:6: 1393 daAuts
    D:10: 1286 daAuts
     D:3: 1136 daAuts
     D:1: 1080 daAuts
     D:5: 1059 daAuts
     D:2: 925 daAuts
 Ossuary: 420 daAuts
  Lair:2: 374 daAuts
